Map: Lightshade LE

Players

Xeus - Winner!

  • Race: Protoss Protoss
  • League: Master
  • Spawn Location: 5:00

MarcoMan

  • Race: Terran Terran
  • League: Master
  • Spawn Location: 11:00

VOD

Have the link to the VOD?

Description

Time

  • Played on: Jan. 15, 2021, 10:59 a.m.
  • Length: 6:27
Show
View Real Time Build Order
Export as new Build Order

Xeus Protoss - Winner!

Build Orders: 1 Gate Expand 

Get SALT Encoding   

  12  0:01  Probe  
  13  0:13  Probe  
  14  0:17  Pylon  
  14  0:27  Probe (Chrono Boost)  
  15  0:39  Probe (Chrono Boost)  
  15  0:41  Gateway  
  16  0:48  Assimilator, Probe (Chrono Boost)  
  17  0:56  Probe  
  18  1:09  Probe  
  19  1:21  Probe  
  20  1:27  Nexus  
  20  1:38  Cybernetics Core  
  20  1:42  Probe (Chrono Boost)  
  21  1:48  Pylon  
  21  1:56  Assimilator, Probe (Chrono Boost)  
  22  2:13  Stalker (Chrono Boost)  
  24  2:15  Warp Gate  
  24  2:25  Pylon  
  24  2:27  Probe  
  25  2:39  Probe  
  25  2:40  Probe  
  27  2:44  Twilight Council  
  27  2:50  Pylon  
  27  2:51  Probe  
  27  2:58  Stalker (Chrono Boost), Gateway  
  29  3:13  Shield Battery  
  28  3:25  Stalker (Chrono Boost)  
  27  3:49  Stalker  
  29  4:08  Stalker  
  31  4:18  Blink  
  29  4:34  Stalker x2  
  33  4:41  Robotics Facility  
  33  4:52  Pylon  
  32  4:54  Pylon  
  25  5:12  Probe  
  25  5:13  Probe  
  27  5:22  Stalker  
  27  5:25  Stalker, Probe x2 (Chrono Boost)  
  33  5:33  Observer  
  34  5:39  Pylon  
  34  5:40  Probe (Chrono Boost)  
  34  5:42  Probe (Chrono Boost)  
  36  6:07  Stalker x2  
  40  6:14  Gateway  
Show
View Real Time Build Order
Export as new Build Order

MarcoMan Terran 

Build Orders:  

Get SALT Encoding   

  12  0:01  SCV  
  13  0:15  Supply Depot  
  13  0:19  SCV  
  14  0:36  Refinery  
  14  0:41  Barracks  
  14  1:03  Barracks  
  14  1:15  Barracks  
  14  1:24  SCV  
  15  1:32  Reaper  
  16  1:37  SCV  
  17  1:49  SCV  
  17  1:50  Reaper  
  19  1:58  Refinery  
  19  2:08  Reaper  
  20  2:17  SCV  
  21  2:24  Reaper  
  21  2:29  SCV  
  23  2:41  Supply Depot  
  23  2:55  Reaper  
  23  3:03  Reaper x2  
  25  3:28  Reaper  
  26  3:35  Reaper x2  
  28  3:44  Command Center  
  28  4:00  Reaper  
  28  4:07  Reaper x2  
  28  4:09  SCV  
  31  4:21  SCV  
  31  4:48  Barracks Tech Lab, SCV  
  31  4:50  Reaper  
  31  4:55  Reaper  
  31  5:00  SCV  
  28  5:12  SCV  
  29  5:18  Factory  
  29  5:22  Reaper  
  29  5:25  Orbital Command  
  29  5:27  SCV  
  32  5:45  Orbital Command  
  31  5:51  SCV  
  32  6:03  SCV  
  36  6:15  SCV  
  37  6:19  Barracks Tech Lab  
Tags
 
Matchup
PvT
Replay Pack
Weekend
Spawn Locations
Cross Positions
Add a new tag
Caveats
  • Supply blocks, unpowered buildings, or Contaminate may cause inaccurate times.
  • Supply counts are checked every 10 seconds.